 Dungeon Crawl Stone Soup version 0.29.1-12-g30fa7ad0bf (webtiles) character file.

Game seed: 926558278059931035

528 mopl the Chopper (level 7, 0/46 (50) HPs)
             Began as a Formicid Warper on Jan 6, 2023.
             Slain by a gnoll bouda
             ... wielding a +0 club
              (8 damage)
             ... on level 6 of the Dungeon.
             The game lasted 00:05:05 (3941 turns).

mopl the Chopper (Formicid Warper)                  Turns: 3941, Time: 00:05:06

HP:   0/46 (50)     AC:  7    Str: 17    XL:     7   Next: 48%
MP:   10/10         EV: 10    Int: 13    God:
Gold: 146           SH:  0    Dex: 13    Spells: 10/10 levels left

rFire   . . .      SeeInvis +   u - +4 falchion (venom)
rCold   . . .      Faith    .   (no shield)
rNeg    . . .      Spirit   .   h - +0 scale mail
rPois   .          Reflect  .   (helmet unavailable)
rElec   .          Harm     .   (no cloak)
rCorr   .          Rampage  .   (no gloves)
Will    .....                   o - +0 pair of boots
Stlth   ..........              (no amulet)
HPRegen 0.15/turn               (no ring)
MPRegen 0.12/turn               (no ring)

@: drained
A: permanent stasis, dig shafts and tunnels, antennae 3, four strong arms
a: Dig, Shaft Self


You were on level 6 of the Dungeon.
You visited 1 branch of the dungeon, and saw 6 of its levels.

You collected 146 gold pieces.

Inventory:

Hand Weapons
 a - a +0 hand axe
 b - a +2 scythe of freezing
 t - a +2 dagger of venom
 u - a +4 falchion of venom (weapon)
Missiles
 c - 6 boomerangs of dispersal (quivered)
 p - a throwing net
 q - 6 poisoned darts
Armour
 h - a +0 scale mail (worn)
 o - a +0 pair of boots (worn)
Wands
 l - a wand of flame (13)
 r - a wand of digging (5)
Scrolls
 d - 4 scrolls of identify {unknown}
 f - 5 scrolls of teleportation {unknown}
 g - a scroll of vulnerability {unknown}
 i - 2 scrolls of butterflies {unknown}
 j - a scroll of amnesia {unknown}
 k - a scroll of magic mapping {unknown}
 m - 2 scrolls of immolation {unknown}
Potions
 e - 2 potions of degeneration {unknown}
 n - 3 potions of curing
 s - a potion of haste {unknown}
 v - 2 potions of brilliance {unknown}
 w - a potion of cancellation {unknown}
 x - a potion of lignification {unknown}


   Skills:
 - Level 2.1 Fighting
 + Level 7.7 Axes
 - Level 1.0 Throwing
 - Level 1.1 Armour
 - Level 1.7 Dodging
 - Level 2.1 Spellcasting
 - Level 2.6 Translocations


You had 10 spell levels left.
You didn't know any spells.
Your spell library contained the following spells:

 Spells                   Type           Power      Damage    Failure   Level
 Necrotise                Necr           4%         1d4       65%         1
 Sandblast                Erth           2%         2d4       65%         1
 Gell's Gravitas          Tloc           8%         N/A       65%         3
 Lesser Beckoning         Tloc           8%         N/A       65%         3
 Teleport Other           Tloc           8%         N/A       65%         3
 Ensorcelled Hibernation  Hex/Ice        2%         N/A       80%         2
 Passwall                 Tmut/Erth      0%         N/A       80%         2
 Portal Projectile        Hex/Tloc       8%         N/A       83%         3
 Stone Arrow              Conj/Erth      2%         3d7       95%         3
 Tukima's Dance           Hex            1%         N/A       95%         3
 Blade Hands              Tmut           0%         N/A       100%        5
 Manifold Assault         Tloc           8%         N/A       100%        5
 Blink                    Tloc           Unusable   N/A       N/A         2
 Swiftness                Air            Unusable   N/A       N/A         3

Dungeon Overview and Level Annotations

Branches:
Dungeon (7/15)
 Temple: D:4-7

Altars:


Innate Abilities, Weirdness & Mutations

You cannot be hasted, slowed, berserked, paralysed or teleported.
You can dig through walls and to a lower floor.
You have a pair of large antennae on your head. (SInv)
Your four strong arms can wield two-handed weapons with a shield.


Message History

The gnoll bouda gazes fiercely through you!
You feel your attacks grow feeble.
The gnoll bouda hits you but does no damage.
The gnoll closely misses you.
The gnoll bouda hits you with a +0 club.
You closely miss the gnoll bouda.
The gnoll hits you from afar with a +0 halberd!
The gnoll bouda barks out a call to the hunt!
A gnoll comes into view. It is wielding a +0 halberd.
The gnoll shouts!
You barely miss the gnoll bouda.
You hear a shout!
The gnoll is no longer moving quickly.
The gnoll closely misses you.
The gnoll bouda gazes fiercely through you!
You feel as though you will be weak longer.
The gnoll bouda hits you with a +0 club!
The gnoll closely misses you.
You extend your mandibles.
You dig through the rock wall.
You feel drained.
A gnoll comes into view.
It is wielding a +1 flail of protection.
The gnoll shouts!
You dig through the rock wall.
You feel drained.
You retract your mandibles.
You barely miss the gnoll bouda.
The gnoll bouda barks out a call to the hunt!
The gnoll picks up the pace!
You barely miss the gnoll. The gnoll barely misses you.
The gnoll bouda hits you with a +0 club!
* * * LOW HITPOINT WARNING * * *
You closely miss the gnoll. The gnoll barely misses you.
The gnoll bouda hits you with a +0 club.
* * * LOW HITPOINT WARNING * * *
The gnoll barely misses you.
You hit the gnoll but do no damage.
The gnoll is poisoned.
Your punch misses the gnoll.
Your attacks no longer feel as feeble.
The gnoll bouda misses you. The gnoll barely misses you.
You completely miss the gnoll bouda.
The gnoll bouda hits you with a +0 club!
You die...

..##....##########
..##.#..##.......#
..............##.#
..##.#..##.#####.#
..##.#.###.# #.#
..##.#.###.#####.#
............g.##.#
....##.###.##g##.#
..####†###.##g{#@#
...........##.#gg#
..............##.#
......[##.##..##.#
.......##.##..##.#
.......##.....##.#
#..######.###.##.#
... #.# #.##.# ...
... ..# .#


You could see a gnoll bouda and a gnoll (swift, very poisoned).

Vanquished Creatures
  Sigmund (D:3)
  Duvessa (D:3)
  A black bear (D:6)
  Dowan (D:3)
  Robin (D:4)
  3 adders
  A white imp (D:7)
  3 worms
  A dart slug (D:3)
  9 orcs
  2 ball pythons
  7 endoplasms
  15 goblins
  4 hobgoblins (D:3)
  3 jackals (D:3)
  3 kobolds
  4 quokkas
  5 bats (D:1)
  5 frilled lizards
  2 rats
72 creatures vanquished.

Vanquished Creatures (others)
  2 plants (D:2)
2 creatures vanquished.

Grand Total: 74 creatures vanquished

Notes
Turn   | Place    | Note
-------+----------+-------------------------------------------
     0 | D:1      | mopl the Formicid Warper began the quest for the Orb.
     0 | D:1      | Reached XP level 1. HP: 16/16 MP: 3/3
   103 | D:1      | Reached XP level 2. HP: 15/22 MP: 5/5
   317 | D:1      | Reached skill level 3 in Axes
   753 | D:2      | Reached XP level 3. HP: 27/27 MP: 6/6
   985 | D:2      | Found a faded altar of an unknown god.
   993 | D:2      | Got Plato's Quarto of Unholy Mysteries
  1327 | D:2      | Reached skill level 4 in Axes
  1327 | D:2      | Reached XP level 4. HP: 22/33 MP: 7/7
  1731 | D:3      | Identified the +2 leather armour of the Ditch-Digger {Int+5
                  | Stlth+}
  1776 | D:3      | Noticed Sigmund
  1792 | D:3      | Killed Sigmund
  1793 | D:3      | Reached skill level 6 in Axes
  1793 | D:3      | Reached XP level 5. HP: 35/38 MP: 8/8
  1793 | D:3      | Reached XP level 6. HP: 41/44 MP: 9/9
  2287 | D:4      | Noticed Robin
  2654 | D:4      | Noticed Duvessa
  2655 | D:4      | Noticed Dowan
  3026 | D:3      | Killed Duvessa
  3053 | D:4      | Killed Robin
  3054 | D:4      | Reached XP level 7. HP: 10/50 MP: 10/10
  3325 | D:3      | Killed Dowan
  3326 | D:3      | Reached skill level 7 in Axes
  3648 | D:4      | You fall into a shaft and drop 3 floors!
  3941 | D:6      | Slain by a gnoll bouda

Illustrated notes

Levels and vault maps discovered:
D:1:      zelgadis_glass_arrival_small, layout_basic,
          chequers_serial_rivers_small_3
D:2:      layout_loops_ring, shapermc_ecumenical_altar_rom_forum,
          solitary_fountain, minmay_door_square
D:3:      layout_basic, kennysheep_generic_room_11, uniq_sigmund
D:4:      layout_basic, nicolae_tso_swordbearing_angel,
          worldfamousw_hep_ancestral_shrine, uniq_duvessa, uniq_blork_the_orc,
          uniq_robin
D:6:      layout_basic, nicolae_wu_jian_immortal_techniques
D:7:      layout_basic, uniq_maggie

Skill      XL: |  1  2  3  4  5  6  7 |
---------------+----------------------+-----
Axes           | 3 4 6 7 |  7.7
Fighting       | |  2.1
Throwing       | |  1.0
Armour         | |  1.1
Dodging        | |  1.7
Spellcasting   | |  2.1
Translocations | |  2.6

Action                   |  1- 3 |  4- 6 |  7- 9 || total
-------------------------+-------+-------+-------++-------
Melee: Hand axe          |   114 |    73 |       ||   187
       Punch             |     2 |     1 |       ||     3
       Falchion          |       |    15 |    37 ||    52
       Dagger            |       |    13 |       ||    13
Throw: Dart              |       |     6 |       ||     6
       Boomerang         |       |     1 |       ||     1
 Abil: Dig               |       |       |     1 ||     1
  Use: Potion            |       |     1 |       ||     1
Armor: Leather armour    |     3 |       |       ||     3
       Scale mail        |    67 |    53 |    21 ||   141
Dodge: Dodged            |    64 |    67 |    25 ||   156
